 Dungeon Crawl Stone Soup version 0.29-a0-838-g385bb11a5b (webtiles) character file.

Game seed: 4704856943682783013

354 Zonian the Chiller (level 6, 0/41 HPs)
             Began as a Demonspawn Ice Elementalist on July 14, 2022.
             Slain by Grinder (6 damage)
             ... on level 5 of the Dungeon.
             The game lasted 00:09:31 (7542 turns).

Zonian the Chiller (Demonspawn Ice Elementalist)    Turns: 7542, Time: 00:09:32

Health: 0/41       AC:  4    Str:  9    XL:     6   Next: 35%
Magic:  8/12       EV: 13    Int: 16    God:
Gold:   69         SH:  0    Dex: 15    Spells: 6/13 levels left

rFire   + . .      SeeInvis +   c - +6 dagger of Ewuepn {protect, *Noise rF+ SInv}
rCold   . . .      Faith    .   (no shield)
rNeg    . . .      Spirit   .   s - +0 robe of Complete Protection {+Inv}
rPois   .          Reflect  .   (no helmet)
rElec   .          Harm     .   y - +0 cloak
rCorr   .          Rampage  .   (no gloves)
Will    .....                   (no boots)
Stlth   ++........              (no amulet)
HPRegen 0.13/turn               (no ring)
MPRegen 0.13/turn               (no ring)

@: freezing walls
A: claws 2, ignite blood 1, sharp scales 1
a: Evoke Invisibility


You were on level 5 of the Dungeon.
You visited 1 branch of the dungeon, and saw 5 of its levels.

You collected 200 gold pieces.
You spent 131 gold pieces at shops.

Inventory:

Hand Weapons
 c - the +6 dagger of Ewuepn (weapon) {protect, *Noise rF+ SInv}
   (You took it off a goblin on level 4 of the Dungeon)

   It grants its wielder temporary protection when it strikes (+7 to AC).
   rF:        It protects you from fire.
   SInv:      It lets you see invisible.
   *Noise:    It may make noises in combat.
 d - a +0 dagger
 g - a +0 short sword
Armour
 a - a +0 robe
 f - a +0 pair of gloves
 s - the +0 robe of Complete Protection (worn) {+Inv}
   (You bought it in a shop on level 3 of the Dungeon)

   +Inv:      It lets you turn invisible.
 y - a +0 cloak (worn)
Magical Staves
 n - a staff of death
Jewellery
 v - a ring of positive energy
Scrolls
 e - a scroll of teleportation
 i - 2 scrolls of poison {unknown}
 l - a scroll of immolation {unknown}
 m - a scroll of enchant armour {unknown}
 r - a scroll of vulnerability {unknown}
 u - a scroll of magic mapping {unknown}
 x - a scroll of silence {unknown}
 A - a scroll of fear {unknown}
Potions
 b - a potion of magic
 h - 2 potions of berserk rage
 j - 2 potions of haste
 k - a potion of experience {unknown}
 o - 4 potions of curing
 p - a potion of resistance {unknown}
 q - a potion of might
 t - 2 potions of lignification
 w - 2 potions of heal wounds {unknown}


   Skills:
 - Level 2.8 Dodging
 - Level 2.9 Stealth
 * Level 4.0 Spellcasting
 * Level 5.0 Ice Magic


You had 6 spell levels left.
You knew the following spells:

 Your Spells              Type           Power      Damage    Failure   Level
a - Freeze                Ice            76%        1d9       1%          1
b - Frozen Ramparts       Ice            38%        1d5       6%          3
c - Ozocubu's Armour      Ice            19%        N/A       6%          3

Your spell library contained the following spells:

 Spells                   Type           Power      Damage    Failure   Level
 Shock                    Conj/Air       12%        1d3       17%         1
 Swiftness                Air            3%         N/A       45%         3
 Hailstorm                Conj/Ice       11%        3d5       52%         4
 Airstrike                Air            1%         0-2+      86%         4
 Animate Armour           Summ/Erth      6%         N/A       86%         4
 Blade Hands              Tmut           1%         N/A       99%         5
 Iron Shot                Conj/Erth      1%         9d1       100%        6


Dungeon Overview and Level Annotations

Branches:
Dungeon (5/15)
 Temple: D:4-7

Altars:
Fedhas
Uskayaw

Shops:
D:3 [

Annotations:
D:3 1 runed translucent door, zeratav's ghost, amateur OpVM
D:5 Grinder


Innate Abilities, Weirdness & Mutations

You have very sharp fingernails.
Your demonic aura sometimes causes spilled blood to erupt in flames.
You are partially covered in razor-sharp scales. (AC +1, Slay +1)


Message History

* * * LOW HITPOINT WARNING * * *
You hit Grinder.
Grinder is severely wounded.
Grinder gestures at you. You resist with significant effort.
Casting: Frozen Ramparts (dangerous; 6% risk of failure)
Confirm with . or Enter, or press ? or * to list all spells.
Casting: Frozen Ramparts (dangerous; 6% risk of failure)
Press: ? - help, Dir - look around, f - activate The walls around you are covered in ice.
Grinder completely resists.
The wall freezes Grinder but does no damage.
Grinder gestures at you. Pain shoots through your body!
* * * LOW HITPOINT WARNING * * *
You hit Grinder but do no damage.
Grinder is severely wounded.
Grinder completely resists.
The wall freezes Grinder but does no damage.
Grinder blinks!
Unknown command.
You start resting.
The frozen ramparts melt away.
Unknown command.
You start resting.
Grinder is nearby!
Grinder is nearby!
Unknown command.
Casting: Frozen Ramparts (dangerous; 6% risk of failure)
Confirm with . or Enter, or press ? or * to list all spells.
Casting: Frozen Ramparts (dangerous; 6% risk of failure)
Press: ? - help, Dir - look around, f - activate The walls around you are covered in ice.
Grinder shouts!
Grinder completely resists.
The wall freezes Grinder but does no damage.
Grinder hits you.
* * * LOW HITPOINT WARNING * * *
You writhe in agony.
You die...

## ##.# ...
.# #..#
#...##### .#
#.##
...5....##.#
#.#
...........#
#.# ##.#..#
#.# ##.#...#
#.# #5###..#
#.# ##@#..##
#.#
##.#.#####.#
#.#.......#
#.#########
#.# ..# ..#
###


You could see Grinder.

Vanquished Creatures
  A black bear (D:4)
  A hound (D:4)
  2 iguanas
  An orc wizard (D:4)
  3 gnolls (D:4)
  4 adders
  2 worms
  A dart slug (D:4)
  7 orcs
  5 ball pythons
  6 endoplasms
  4 giant cockroaches
  4 goblins
  2 hobgoblins
  9 jackals
  4 quokkas
  8 bats
  4 frilled lizards
  4 kobolds
  2 rats
74 creatures vanquished.

Notes
Turn   | Place    | Note
-------+----------+-------------------------------------------
     0 | D:1      | Zonian the Demonspawn Ice Elementalist began the quest for
                  | the Orb.
     0 | D:1      | Reached XP level 1. HP: 13/13 MP: 3/3
   502 | D:1      | Gained mutation: You have sharp fingernails. [demonic
                  | ancestry]
   502 | D:1      | Reached XP level 2. HP: 7/19 MP: 0/5
  1231 | D:1      | Found a faded altar of an unknown god.
  2020 | D:1      | Gained mutation: Your demonic aura sometimes causes spilled
                  | blood to erupt in flames. [demonic ancestry]
  2020 | D:1      | Reached XP level 3. HP: 18/24 MP: 2/6
  3030 | D:2      | Reached skill level 4 in Ice Magic
  4354 | D:2      | Gained mutation: You are partially covered in razor-sharp
                  | scales. (AC +1, Slay +1) [demonic ancestry]
  4354 | D:2      | Reached XP level 4. HP: 21/30 MP: 1/7
  4803 | D:3      | Found a hide-covered altar of Uskayaw.
  5367 | D:3      | Found Izynoaki's Antique Armour Shop.
  5375 | D:3      | Bought a faintly glowing robe for 131 gold pieces
  5375 | D:3      | Identified the +0 robe of Complete Protection {+Inv} (You
                  | bought it in a shop on level 3 of the Dungeon)
  5420 | D:3      | Found a blossoming altar of Fedhas.
  5922 | D:3      | Noticed zeratav's ghost (amateur OpVM)
  5925 | D:3      | Found a runed translucent door.
  6519 | D:4      | Reached XP level 5. HP: 8/35 MP: 2/9
  6691 | D:4      | Identified the +6 dagger of Ewuepn {protect, *Noise rF+
                  | SInv}
  6940 | D:4      | Learned a level 3 spell: Frozen Ramparts
  6944 | D:4      | Learned a level 3 spell: Ozocubu's Armour
  7129 | D:4      | Noticed a black bear
  7138 | D:4      | Killed a black bear
  7139 | D:4      | Gained mutation: You have very sharp fingernails. [demonic
                  | ancestry]
  7139 | D:4      | Reached XP level 6. HP: 37/41 MP: 8/11
  7278 | D:4      | Reached skill level 5 in Ice Magic
  7440 | D:4      | You fall into a shaft and drop 1 floor!
  7440 | D:5      | Entered Level 5 of the Dungeon
  7503 | D:5      | Noticed Grinder
  7542 | D:5      | Slain by Grinder

Illustrated notes

Levels and vault maps discovered:
D:1:      ncdulo_smallfort, layout_basic,
          dreamdust_ecumenical_altar_angels_and_demons
D:2:      layout_rooms
D:3:      layout_loops_corners, fedhas_altar_fruit_tree,
          nicolae_uskayaw_dance_hall, serial_shops, shop_statue,
          hellmonk_ghost_happy_afterlife
D:4:      nicolae_cairo_tiling_very_big, layout_basic
D:5:      layout_loops_ring, uniq_grinder

Skill      XL: |  1  2  3  4  5  6 |
---------------+-------------------+-----
Stealth        | 2 |  2.9
Dodging        | 2 |  2.8
Ice Magic      | 4 5 |  5.0
Spellcasting   | 3 4 |  4.0

Action                   |  1- 3 |  4- 6 || total
-------------------------+-------+-------++-------
Melee: Unarmed           |    24 |       ||    24
       Dagger            |    70 |    73 ||   143
 Cast: Freeze            |    64 |    32 ||    96
       Frozen Ramparts   |       |     3 ||     3
  Use: Scroll            |       |     6 ||     6
 Stab: Sleeping          |     3 |     6 ||     9
Armor: Robe              |    32 |    25 ||    57
Dodge: Dodged            |   122 |    53 ||   175

Table legend: (Time is in decaauts)
 A = Elapsed time spent in this place.
 B = Non-inter-level travel time spent in this place.
 C = Inter-level travel time spent in this place.
 D = Time resting spent in this place.
 E = Time spent auto-exploring this place.
 F = Levels seen in this place.
 G = Mean time per level.
                   A        B        C        D        E       F      G
               +--------+--------+--------+--------+--------+-----+--------+
         Total |   7542 |   7437 |    105 |   3056 |   3474 |   5 | 1508.4 |
       Dungeon |   7542 |   7437 |    105 |   3056 |   3474 |   5 | 1508.4 |
               +--------+--------+--------+--------+--------+-----+--------+

Top non-repeatable levels by time:
     D:1: 3212 daAuts
     D:3: 1856 daAuts
     D:2: 1288 daAuts
     D:4: 1084 daAuts
     D:5: 101 daAuts
